 Dungeon Crawl Stone Soup version 0.27-a0-460-g297a19dbdb (webtiles) character file.

Game seed: 8485364448426729952

3544 Anon1729 the Cleaver (level 10, -11/88 HPs)
             Began as a Ghoul Fighter on Feb 28, 2021.
             Killed from afar by a wretched star (12 damage)
             ... with a lance of force
             ... on level 1 of the Abyss.
             The game lasted 00:12:42 (10867 turns).

Anon1729 the Cleaver (Ghoul Fighter)               Turns: 10867, Time: 00:12:42

Health: -11/88     AC: 14    Str: 29      XL:     10   Next: 9%
Magic:  9/9        EV:  7    Int:  3 (4)  God:
Gold:   360        SH:  0    Dex:  7 (8)  Spells: 9/9 levels left

rFire    . . .     SeeInvis .   E - +5 battleaxe (freeze)
rCold    + . .     Faith    .   (shield currently unavailable)
rNeg     + + +     Spirit   .   o - +0 plate armour
rPois    ∞         Reflect  .   (no helmet)
rElec    .         Harm     .   (no cloak)
rCorr    .         Rampage  .   x - +0 pair of gloves
Will     .....                  (no boots)
Stlth    ..........             (no amulet)
HPRegen  0.00/turn              A - +6 ring of strength
MPRegen  0.11/turn              (no ring)

@: very slow
A: claws 1, cold resistance 1, negative energy resistance 3, inhibited
regeneration, torment resistance, unbreathing
a: no special abilities


You were on level 1 of the Abyss.
You visited 2 branches of the dungeon, and saw 9 of its levels.
You visited the Abyss 1 time.

You collected 453 gold pieces.
You spent 93 gold pieces at shops.

Inventory:

Hand Weapons
 a - a +0 war axe
 E - a +5 battleaxe of freezing (weapon)
Missiles
 C - a curare-tipped dart (quivered)
Armour
 b - a +0 scale mail
 c - a +0 kite shield
 o - a +0 plate armour (worn)
 x - a +0 pair of gloves (worn)
Jewellery
 A - a +6 ring of strength (left hand)
Wands
 h - a wand of iceblast (24)
 w - a wand of random effects (20)
 y - a wand of digging (5)
Scrolls
 e - a scroll of noise
 f - 2 scrolls of enchant weapon
 g - 5 scrolls of teleportation
 k - 2 scrolls of enchant armour {unknown}
 q - a scroll of amnesia {unknown}
 t - a scroll of immolation {unknown}
 v - 2 scrolls of silence
 B - a scroll of random uselessness {unknown}
 D - a scroll of fog {unknown}
Potions
 d - 4 potions of might
 i - 5 potions of heal wounds
 j - a potion of berserk rage {unknown}
 l - a potion of mutation {unknown}
 m - 4 potions of curing {unknown}
 n - 5 potions of flight
 p - 2 potions of magic {unknown}
 r - a potion of ambrosia {unknown}
 s - 2 potions of brilliance {unknown}
 z - a potion of invisibility {unknown}


   Skills:
 + Level 7.9 Fighting
 + Level 8.2 Axes
 + Level 6.5 Armour
 - Level 6.2 Shields


You had 9 spell levels left.
You didn't know any spells.
Your spell library contained the following spells:

 Spells                   Type           Power        Failure   Level
 Corona                   Hex            0%           99%         1
 Freeze                   Ice            0%           99%         1
 Ensorcelled Hibernation  Hex/Ice        0%           100%        2
 Confusing Touch          Hex            0%           100%        3
 Dazzling Flash           Conj/Hex       0%           100%        3
 Frozen Ramparts          Ice            0%           100%        3
 Ozocubu's Armour         Ice            0%           100%        3
 Tukima's Dance           Hex            0%           100%        3
 Hailstorm                Conj/Ice       0%           100%        4
 Summon Ice Beast         Ice/Summ       0%           100%        4


Dungeon Overview and Level Annotations

Branches:
Dungeon (8/15)             Temple (1/1) D:6
   Lair: D:8-11

Altars:
Ashenzari
Dithmenos
Elyvilon
Fedhas
Gozag
Kikubaaqudgha
Nemelex Xobeh
Qazlal
Ru
Sif Muna
Trog
Uskayaw
Vehumet
Wu Jian
Xom
Yredelemnul
Zin
The Shining One

Shops:
D:5 [   D:6 *   D:7 (


Innate Abilities, Weirdness & Mutations

You thrive by killing the living.
You are immune to poison.
You have sharp fingernails.
Your flesh is cold resistant. (rC+)
You are immune to negative energy. (rN+++)
You do not regenerate when monsters are visible.
You are immune to unholy pain and torment.
You can survive without breathing.


Message History

You slash the wretched star! You freeze the wretched star.
The wretched star is severely damaged.
You closely miss the wretched star.
The wretched star is severely damaged.
The wretched star glows turbulently.
The lance of force hits you!
* * * LOW HITPOINT WARNING * * *
You are knocked back by the lance of force.
You slam into the stone wall!
* * * LOW HITPOINT WARNING * * *
You feel much better.
The wretched star pulses with an eldritch light!
Your body decomposes!
You feel dopey.
Unknown command.
You closely miss the wretched star.
The wretched star is severely damaged.
The wretched star glows turbulently.
The lance of force misses you.
The wretched star glows turbulently.
The lance of force hits you!
You are knocked back by the lance of force.
You slam into the stone wall!
You slash the wretched star!
The wretched star is almost destroyed.
You barely miss the wretched star.
The wretched star is almost destroyed.
A chaos spawn comes into view.
The wretched star glows turbulently.
The lance of force hits you!!
* * * LOW HITPOINT WARNING * * *
You are knocked back by the lance of force.
You slam into the stone wall!
* * * LOW HITPOINT WARNING * * *
Splash!
The chaos spawn gives a hideous shriek!
Unknown command.
Your unstable footing causes you to fumble your attack.
The wretched star glows turbulently.
The lance of force hits you!
You die...

. #####.# ##
.# #. ##..#.##
## ## #######.
.##.# ...
....##..4.#. ≈
≈... ..#......
≈≈≈≈≈≈##....#
.≈#≈≈≈≈≈..###
#.##≈≈≈≈@#
###§#≈≈*≈≈...#
#..≈≈≈≈≈≈#..#
#..##≈≈≈≈≈. #
#.####.#.≈≈≈≈
.§# ##§.
#§≈≈≈≈≈ ####
##≈≈≈≈ .#
..#.♣


You could see a wretched star and a chaos spawn.

Vanquished Creatures
  An ancient zyme (Abyss:1)
  Prince Ribbit (D:6)
  A ynoxinul (Abyss:1)
  A steam dragon (D:7)
  Edmund (D:5)
  A water moccasin (D:5)
  A sky beast (D:6)
  3 necrophages (D:7)
  3 ogres
  2 centaurs
  A phantom (D:5)
  Blork the orc (D:4)
  2 kobold brigands (D:7)
  2 scorpions
  4 killer bees (D:7)
  3 wights (D:8)
  2 howler monkeys
  3 jellies
  6 hounds
  4 orc priests
  2 iguanas
  3 orc wizards (D:7)
  11 worker ants
  A mummy (D:7)
  A howler monkey zombie (D:7)
  3 gnolls (D:3)
  11 adders
  A shadow imp (D:6)
  3 white imps
  3 ufetubi
  3 adder skeletons
  4 worms
  3 dart slugs
  27 orcs
  2 ball pythons
  4 giant cockroaches
  8 goblins
  5 hobgoblins
  6 jackals
  2 quokkas
  9 bats
  2 frilled lizards
  22 kobolds
  A leopard gecko skeleton (D:5)
  A quokka skeleton (D:4)
  2 quokka zombies
  9 rats
192 creatures vanquished.

Notes
Turn   | Place    | Note
-------+----------+-------------------------------------------
     0 | D:1      | Anon1729 the Ghoul Fighter began the quest for the Orb.
     0 | D:1      | Reached XP level 1. HP: 19/19 MP: 0/0
   375 | D:1      | Reached skill level 2 in Axes
   375 | D:1      | Reached XP level 2. HP: 26/26 MP: 1/1
   846 | D:2      | Reached XP level 3. HP: 28/31 MP: 2/2
  1338 | D:2      | Found a shimmering blue altar of Sif Muna.
  1370 | D:2      | Reached XP level 4. HP: 40/40 MP: 3/3
  1377 | D:2      | You fall into a shaft and drop 1 floor!
  1726 | D:3      | Reached skill level 3 in Axes
  1977 | D:2      | Reached XP level 5. HP: 41/46 MP: 4/4
  2745 | D:4      | Found a white marble altar of Elyvilon.
  2808 | D:4      | Reached XP level 6. HP: 43/53 MP: 5/5
  3628 | D:4      | Noticed Blork the orc
  3638 | D:4      | Killed Blork the orc
  3639 | D:4      | Reached skill level 4 in Axes
  3758 | D:4      | Found a sacrificial altar of Ru.
  3931 | D:4      | Found an opulent altar of Gozag.
  4255 | D:4      | Reached XP level 7. HP: 56/60 MP: 6/6
  4421 | D:5      | Entered Level 5 of the Dungeon
  4952 | D:5      | Noticed Edmund
  4978 | D:5      | Killed Edmund
  4979 | D:5      | Reached skill level 5 in Fighting
  4979 | D:5      | Reached skill level 5 in Axes
  5016 | D:5      | Found Winydih's Armour Emporium.
  5117 | D:4      | Reached XP level 8. HP: 15/68 MP: 7/7
  6072 | D:5      | Reached skill level 6 in Axes
  6435 | D:6      | Reached skill level 5 in Armour
  6475 | D:6      | Reached skill level 5 in Shields
  6498 | D:6      | Found an ornate altar of the Wu Jian Council.
  6592 | D:6      | Noticed Prince Ribbit
  6984 | D:6      | Found a shadowy altar of Dithmenos.
  7441 | D:6      | Reached XP level 9. HP: 66/75 MP: 8/8
  7677 | D:6      | Found a staircase to the Ecumenical Temple.
  7823 | D:6      | Killed Prince Ribbit
  7881 | Temple   | Entered the Ecumenical Temple
  8207 | D:6      | Found Unucoala's Assorted Antiques.
  8215 | D:6      | Bought a murky cyan potion for 21 gold pieces
  8215 | D:6      | Bought 3 scrolls labelled JAMENTAOSI for 72 gold pieces
  8245 | D:7      | Reached skill level 7 in Axes
  8607 | D:7      | Found Ella's Antique Weapon Emporium.
  9382 | D:7      | Found a glowing silver altar of Zin.
 10476 | D:8      | Cast into level 1 of the Abyss (wight)
 10477 | Abyss:1  | Reached skill level 8 in Axes
 10558 | Abyss:1  | Reached XP level 10. HP: 69/88 MP: 9/9
 10680 | Abyss:1  | Noticed a mana viper
 10694 | Abyss:1  | Noticed a white draconian monk
 10856 | Abyss:1  | Noticed a wretched star
 10866 | Abyss:1  | HP: 1/88 [stone wall collision (8)]
 10867 | Abyss:1  | Killed from afar by a wretched star

Illustrated notes

Levels and vault maps discovered:
D:1:      psy_arrival_radial01, layout_loops_ring
D:2:      minmay_general_purpose_star, layout_basic, overflow_temple_1_default
D:3:      layout_basic, hex_intersection
D:4:      layout_basic, lemuel_doored_altar, marbit_many_paths,
          elyvilon_altar_1, uniq_blork_the_orc
D:5:      layout_cave_pods, serial_shops, nicolae_shop_trees, uniq_edmund
D:6:      layout_cave_pods, nzn_wu_jian_contemplation,
          minmay_temple_entry_fiery, serial_shops, shop,
          nicolae_dithmenos_shadow_blocks, uniq_prince_ribbit1
D:7:      layout_basic, zin_academy, serial_undead, serial_undead_d,
          serial_undead_b, serial_undead_e, serial_undead_a, serial_shops,
          nicolae_shop_trees
D:8:      layout_cave_pools, riverfiend_overflow_shadow_ancestor,
          lemuel_crystal_altar, minitemple, erik_lair_island,
          hangedman_decor_clover_reticule, uniq_joseph, uniq_maurice
Temple:   minmay_temple_curvy_loop
Abyss:1:  base: D:7, hangedman_decor_peaks_small

Skill      XL: |  1  2  3  4  5  6  7  8  9 |
---------------+----------------------------+-----
Axes           | 2 3 4 5 6 8 |  8.2
Armour         | 3 4 5 6 |  6.5
Shields        | 3 4 5 6 |  6.2
Fighting       | 4 5 6 7 |  7.9

Action                   |  1- 3 |  4- 6 |  7- 9 | 10-12 || total
-------------------------+-------+-------+-------+-------++-------
Melee: War axe           |    97 |   197 |   467 |       ||   761
       Battleaxe         |       |       |    10 |    14 ||    24
Evoke: Wand              |       |       |     1 |       ||     1
  Use: Scroll            |       |       |     6 |     1 ||     7
       Potion            |       |       |     2 |     1 ||     3
Armor: Scale mail        |    59 |    56 |       |       ||   115
       Plate armour      |       |    28 |   434 |     9 ||   471
Dodge: Dodged            |    32 |    63 |   111 |     5 ||   211
Block: Kite shield       |    57 |   104 |   302 |       ||   463

Table legend: (Time is in decaauts)
 A = Elapsed time spent in this place.
 B = Non-inter-level travel time spent in this place.
 C = Inter-level travel time spent in this place.
 D = Time resting spent in this place.
 E = Time spent auto-exploring this place.
 F = Levels seen in this place.
 G = Mean time per level.
                   A        B        C        D        E       F      G
               +--------+--------+--------+--------+--------+-----+--------+
         Total |  11225 |  10717 |    508 |   1984 |   6685 |  10 | 1122.5 |
       Dungeon |  10578 |  10093 |    485 |   1754 |   6457 |   8 | 1322.2 |
        Temple |    251 |    228 |     23 |      0 |    228 |   1 |  251.0 |
         Abyss |    395 |    395 |      0 |    230 |      0 |   1 |  395.0 |
               +--------+--------+--------+--------+--------+-----+--------+

Top non-repeatable levels by time:
     D:7: 2101 daAuts
     D:5: 1816 daAuts
     D:3: 1646 daAuts
     D:4: 1512 daAuts
     D:2: 1226 daAuts
     D:6: 1208 daAuts
     D:1: 856 daAuts
 Abyss:1: 395 daAuts
  Temple: 251 daAuts
     D:8: 209 daAuts
